 Dungeon Crawl Stone Soup version 0.18.1-50-g88ac8fd (webtiles) character file.

126 RepoMan the Chiller (level 5, 38/38 HPs)
             Began as a Ghoul Ice Elementalist on Oct 28, 2016.
             Safely got out of the dungeon.
             The game lasted 00:21:27 (3001 turns).

RepoMan the Chiller (Ghoul Ice Elementalist)        Turns: 3001, Time: 00:21:28

Health: 38/38      AC:  5    Str: 12    XL:     5   Next: 9%
Magic:  2/7        EV: 12    Int: 14    God:
Gold:   141        SH:  0    Dex:  9    Spells: 3 memorised, 3 levels left

rFire  . . .     SeeInvis .     (no weapon)
rCold  + . .     Gourm    .     a - +0 robe
rNeg   + + +     Faith    .     (no shield)
rPois  ∞         Spirit   .     l - +0 helmet
rElec  .         Dismiss  .     (no cloak)
rCorr  .         Reflect  .     u - +1 pair of gloves
SustAt .         Harm     .     (no boots)
MR     +....                    (no amulet)
Stlth  ++........               t - +3 ring of intelligence
                                f - ring of protection from magic

@: very slightly contaminated, rotting, somewhat resistant to hostile
enchantments, unstealthy
A: rotting body, claws 1, carnivore 3, cold resistance 1, negative energy
resistance 3, slow regeneration 1, torment resistance, unbreathing
a: no special abilities


You escaped.
You were not hungry.

You visited 1 branch of the dungeon, and saw 4 of its levels.

You collected 141 gold pieces.

Inventory:

Hand Weapons
 o - a +1 hand axe of chopping
Armour
 a - a +0 robe (worn)
 l - a +0 helmet (worn)
 u - a +1 pair of gloves (worn)
Jewellery
 f - a ring of protection from magic (left hand)
 t - a +3 ring of intelligence (right hand)
 w - a +4 ring of strength {unknown}
Scrolls
 d - 2 scrolls of enchant weapon {unknown}
 e - 2 scrolls of immolation {unknown}
 h - 4 scrolls of identify {unknown}
 p - a scroll of magic mapping {unknown}
 q - a scroll of remove curse {unknown}
 s - a scroll of enchant armour {unknown}
Potions
 g - 2 potions of curing {unknown}
 j - a potion of heal wounds {unknown}
 m - a potion of might {unknown}
 r - a potion of invisibility {unknown}
 v - a potion of lignification {unknown}
Books
 b - a book of Frost

   Spells                             Type                      Level
   a - Freeze                         Ice                          1
   b - Throw Frost                    Conjuration/Ice              2
   c - Ozocubu's Armour               Charms/Ice                   3
   d - Throw Icicle                   Conjuration/Ice              4
   e - Summon Ice Beast               Ice/Summoning                4
 n - a book of Cantrips

   Spells                             Type                      Level
   a - Corona                         Hexes                        1
   b - Animate Skeleton               Necromancy                   1
   c - Summon Small Mammal            Summoning                    1
   d - Apportation                    Translocation                1
Comestibles
 c - 4 meat rations
 i - 8 chunks of flesh
 k - 2 beef jerkies


   Skills:
 - Level 1.7 Dodging
 - Level 2.1 Stealth
 + Level 2.5 Spellcasting
 + Level 1.5 Conjurations
 + Level 0.5 Charms
 * Level 5.1 Ice Magic


You had 3 spell levels left.
You knew the following spells:

 Your Spells              Type           Power        Failure   Level  Hunger
a - Freeze                Ice            ###.         2%          1    #......
b - Throw Frost           Conj/Ice       ##....       12%         2    ###....
c - Ozocubu's Armour      Chrm/Ice       #.......     24%         3    ###....


Dungeon Overview and Level Annotations

Branches:
Dungeon (4/15)
 Temple: D:4-7

Altars:
Dithmenos
Elyvilon
Fedhas
Pakellas
Qazlal
The Shining One

Annotations:
D:3 Timinator's ghost, amateur GrCj


Innate Abilities, Weirdness & Mutations

Your body is rotting away.
You thrive on raw meat.
You are immune to poison.
You have sharp fingernails.
You are carnivorous and can eat meat at any time.
Your flesh is cold resistant.
You are immune to negative energy.
You regenerate slowly when monsters are visible.
You are immune to unholy pain and torment.
You can survive without breathing.


Message History

The goblin completely misses you.
Casting: Freeze
Confirm with . or Enter, or press ? or * to list all spells.
Aiming: Freeze
Press: ? - help, Shift-Dir - straight line, f/p - goblin
Aim: a goblin (severely wounded)
You freeze the goblin.
You kill the goblin!
You see here a goblin corpse.
You butcher the goblin corpse.
i - 9 chunks of flesh (gained 2) Eat one of 9 chunks of flesh? (ye/n/q/i?) This raw flesh tastes great!
You continue eating. x2
You enter the shallow water.
Moving in this stuff is going to be slow.
There is a staircase leading out of the dungeon here.
You can't go down here!
Are you sure you want to leave the Dungeon?
This will make you lose the game!
You have escaped!

#.##.....................#
#.##.###################.#
#........#≈≈.........≈≈#.#
####.###.#≈...........≈#.#
# #.# #.#.............#.#
# #.# #.#.......(.....#.#
# #.# #.......≈≈≈.......#
####.###......≈...≈......#
..............≈.@.≈......#
.###.##.......≈...≈.....##
.....##........≈≈≈......#
.........#.............##
..#..##.##.....(...)...#
..#..##.##≈...........≈#
.....##.##≈≈.........≈≈#
.#...##.################
##...##)#


There were no monsters in sight!

Vanquished Creatures
  4 adders
  3 worms
  4 dart slugs
  2 giant geckos
  7 orcs (D:3)
  3 ball pythons
  5 bats
  2 giant cockroaches
  7 goblins
  7 hobgoblins
  3 jackals
  A quokka (D:3)
  3 giant newts
  9 kobolds
  2 rats (D:2)
62 creatures vanquished.

Vanquished Creatures (others)
  A wolf spider (D:2)
1 creature vanquished.

Grand Total: 63 creatures vanquished

Notes
Turn   | Place    | Note
--------------------------------------------------------------
     0 | D:1      | RepoMan the Ghoul Ice Elementalist began the quest for the Orb.
     0 | D:1      | Reached XP level 1. HP: 14/14 MP: 2/2
   688 | D:1      | Reached XP level 2. HP: 20/20 MP: 0/4
   695 | D:1      | Learned a level 2 spell: Throw Frost
  1001 | D:2      | Reached skill level 4 in Ice Magic
  1082 | D:2      | Found a shadowy altar of Dithmenos.
  1157 | D:2      | Reached XP level 3. HP: 26/26 MP: 3/5
  1172 | D:2      | Learned a level 3 spell: Ozocubu's Armour
  1199 | D:2      | Found a stormy altar of Qazlal.
  1205 | D:2      | Found a blossoming altar of Fedhas.
  1460 | D:2      | Found a white marble altar of Elyvilon.
  1460 | D:2      | Found a glowing golden altar of the Shining One.
  1644 | D:2      | Reached skill level 1 in Conjurations
  1763 | D:2      | Found an oddly glowing altar of Pakellas.
  1763 | D:2      | Noticed a wolf spider
  1771 | D:2      | Killed a wolf spider
  2028 | D:3      | Reached XP level 4. HP: 33/33 MP: 2/6
  2722 | D:3      | Reached skill level 5 in Ice Magic
  2840 | D:3      | Noticed Timinator's ghost (amateur GrCj)
  2888 | D:4      | Reached XP level 5. HP: 37/38 MP: 2/7
  3001 | D:$      | Safely got out of the dungeon.

Skill      XL: |  1  2  3  4 |
---------------+-------------+-----
Spellcasting   | 2 |  2.5
Ice Magic      | 4 5 |  5.1
Conjurations   | 1 |  1.5
Dodging        | |  1.7
Stealth        | |  2.1
Charms         | |  0.5

Action                   |  1- 3 |  4- 6 || total
-------------------------+-------+-------++-------
Melee: Unarmed           |    22 |    15 ||    37
 Cast: Freeze            |    61 |    55 ||   116
       Throw Frost       |       |     1 ||     1
 Stab: Sleeping          |     5 |       ||     5
  Eat: Chunk             |    13 |    15 ||    28
Armor: Robe              |     7 |    11 ||    18
Dodge: Dodged            |    37 |    26 ||    63
